 Dungeon Crawl Stone Soup version 0.30-b1-5-g8e6c1be481 (webtiles) character file.

Game seed: 11513623919128040478

218 Erymatos the Chopper (level 5, -4/67 (70) HPs)
             Began as a Minotaur Berserker on May 4, 2023.
             Was a Believer of Trog.
             Slain by a wight
             ... wielding a +5 halberd of freezing
              (5 damage)
             ... on level 3 of the Dungeon.
             The game lasted 00:02:42 (1841 turns).

Erymatos the Chopper (Minotaur Berserker)           Turns: 1841, Time: 00:02:43

HP:   -4/67 (70)    AC:  5    Str: 23    XL:     5   Next: 63%
MP:   4/4           EV: 11    Int:  4    God:    Trog [**....]
Gold: 126           SH:  0    Dex: 10    Spells: 4/4 levels left

rFire   . . .        a - +0 hand axe
rCold   . . .        (no shield)
rNeg    . . .        h - +0 ring mail
rPois   +            (helmet restricted)
rElec   .            (no cloak)
rCorr   .            (no gloves)
SInv    .            (no boots)
Will    .....        s - amulet of faith Stlth
                     k - ring of poison resistance
HPRegen 0.31/turn    (no ring)
MPRegen 0.09/turn

%: faith
@: berserking, lightly drained, very quick
A: horns 2, retaliatory headbutt
a: Renounce Religion, Berserk, Trog's Hand


You were on level 3 of the Dungeon.
You worshipped Trog.
Trog was pleased with you.
You visited 1 branch of the dungeon, and saw 4 of its levels.

You collected 126 gold pieces.

Inventory:

Hand Weapons
 a - a +0 hand axe (weapon)
Armour
 b - a +0 animal skin
 h - a +0 ring mail (worn)
Jewellery
 k - a ring of poison resistance (left hand)
 l - a ring of willpower
 s - an amulet of faith (around neck)
Wands
 t - a wand of iceblast (12)
Scrolls
 d - a scroll of identify {unknown}
 e - a scroll of torment {unknown}
 n - 2 scrolls of teleportation {unknown}
 o - a scroll of amnesia {unknown}
 p - a scroll of immolation {unknown}
 q - 2 scrolls of enchant armour {unknown}
Potions
 c - a potion of magic {unknown}
 f - a potion of flight {unknown}
 g - 2 potions of cancellation {unknown}
 i - 3 potions of brilliance {unknown}
 j - 2 potions of mutation {unknown}
 m - a potion of heal wounds {unknown}
 r - 2 potions of ambrosia {unknown}


   Skills:
 + Level 4.8 Fighting
 + Level 5.8 Axes
 + Level 3.6 Armour
 + Level 3.2 Dodging
 - Level 0.2 Stealth


You had 4 spell levels left.
You didn't know any spells.
Your spell library was empty.

Dungeon Overview and Level Annotations

Branches:
Dungeon (4/15)
 Temple: D:4-7

Altars:
Uskayaw


Innate Abilities, Weirdness & Mutations

You have a pair of horns on your head.
You reflexively headbutt those who attack you in melee.


Message History

The wight misses you.
You hit the wight but do no damage.
The wight hits you with a +3 long sword!
The wight hits you from afar with a +5 halberd of freezing!
You feel drained. The wight freezes you.
There are monsters nearby!
You are too injured to fight recklessly!
There are monsters nearby!
Unknown command.
You are too injured to fight recklessly!
There are monsters nearby!
Unknown command.
You are too injured to fight recklessly!
A red film seems to cover your vision as you go berserk!
You feel yourself moving faster!
You feel mighty!
The wight hits you with a +3 long sword!
* * * LOW HITPOINT WARNING * * *
The wight barely misses you.
Unknown command.
You are too injured to fight recklessly!
You slash the wight! You headbutt the wight.
You destroy the wight!
Trog accepts your kill.
Your life force feels restored.
Unknown command.
A ball python and a wight come into view.
The ball python hisses angrily.
The wight barely misses you.
There is a stone staircase leading up here.
Things that are here:
a +3 long sword; a +0 robe Unknown command.
You slash the wight!
The wight is heavily damaged.
The wight hits you with a +5 halberd of freezing!
* * * LOW HITPOINT WARNING * * *
You feel drained.
* * * LOW HITPOINT WARNING * * *
The wight freezes you.
You die...

##..# #...#
#>.# #..# #..#
#..# #..#
#..########...
#.!...@zzz.S..
#.#########z..
#.# #. #( #.
#.


You could see 4 wights and a ball python.

Vanquished Creatures
  A wight (D:3)
  Natasha (thrice) (D:2)
  2 adders (D:4)
  An ufetubus (D:4)
  3 worms
  A dart slug (D:2)
  7 orcs (D:4)
  4 ball pythons
  7 endoplasms
  A giant cockroach (D:4)
  8 goblins
  2 hobgoblins (D:1)
  2 quokkas
  5 bats (D:1)
  2 frilled lizards (D:1)
  2 kobolds (D:1)
  4 rats
55 creatures vanquished.

Notes
Turn   | Place    | Note
-------+----------+-------------------------------------------
     0 | D:1      | Erymatos the Minotaur Berserker began the quest for the
                  | Orb.
     0 | D:1      | Reached XP level 1. HP: 19/19 MP: 0/0
   190 | D:1      | Reached skill level 4 in Axes
   198 | D:1      | Reached XP level 2. HP: 22/27 MP: 1/1
   253 | D:1      | Found a faded altar of an unknown god.
   626 | D:1      | Reached ** piety under Trog
   836 | D:2      | Noticed Natasha
   845 | D:2      | Killed Natasha
   846 | D:2      | Reached XP level 3. HP: 34/34 MP: 2/2
   957 | D:2      | Noticed Natasha
   967 | D:2      | Killed Natasha
   968 | D:2      | Reached XP level 4. HP: 26/41 MP: 3/3
   999 | D:2      | Noticed Natasha
  1005 | D:2      | Killed Natasha
  1006 | D:2      | Reached skill level 5 in Axes
  1115 | D:2      | You fall into a shaft and drop 2 floors!
  1283 | D:4      | Reached XP level 5. HP: 47/47 MP: 4/4
  1512 | D:4      | Found a hide-covered altar of Uskayaw.
  1841 | D:3      | HP: 3/70 [wight/+5 halberd of freezing (13)]
  1841 | D:3      | HP: 1/67 [wight/+5 halberd of freezing (2)]
  1841 | D:3      | Slain by a wight

Illustrated notes

Levels and vault maps discovered:
D:1:      psy_arrival_radial01, layout_loops_cross,
          shapermc_ecumenical_altar_starsandcircs
D:2:      layout_loops_ring, uniq_natasha
D:3:      layout_loops_ring, beargit_hepliaklqana_dungeon_heroes, st_stairs_5,
          minmay_misc_feat_doors, kennysheep_decorative_pillar,
          kennysheep_orc_chapel
D:4:      layout_basic, marbit_many_paths, kennysheep_small_circle

Skill      XL: |  1  2  3  4 |
---------------+-------------+-----
Axes           | 4 5 |  5.8
Fighting       | 4 |  4.8
Armour         | 3 |  3.6
Dodging        | 3 |  3.2
Stealth        | |  0.2

Action                     |  1- 3 |  4- 6 || total
---------------------------+-------+-------++-------
  Melee: Hand axe          |    71 |    59 ||   130
         Headbutt          |     8 |     8 ||    16
         Punch             |     2 |     1 ||     3
 Invoke: Berserk           |     1 |     2 ||     3
   Stab: Sleeping          |     1 |       ||     1
 Armour: Animal skin       |     8 |       ||     8
         Ring mail         |     8 |    14 ||    22
  Dodge: Dodged            |    42 |    29 ||    71
